 Dungeon Crawl Stone Soup version 0.27-a0-1186-g8b4daa1eef (webtiles) character file.

Game seed: 798166325300823416

151382 Snikeer the Illuminatus (level 17, -6/148 HPs)
             Began as a Gnoll Ice Elementalist on May 19, 2021.
             Was a High Priest of Ashenzari.
             Killed by the raging water
             ... invoked by a water nymph
              (15 damage)
             ... on level 4 of the Shoals.
             The game lasted 02:33:01 (44071 turns).

Snikeer the Illuminatus (Gnoll Ice Elementalist)   Turns: 44071, Time: 02:33:02

Health: -6/148     AC: 22    Str: 12    XL:     17   Next: 55%
Magic:  34/39      EV: 17    Int: 27    God:    Ashenzari [*****.]
Gold:   636        SH: 14    Dex: 13    Spells: 5/52 levels left

rFire    + . .     SeeInvis +   C - staff of cold (curse) {rC+, Elem, Comp}
rCold    + + .     Faith    .   E - +1 buckler "Doubts of Ashenzari" {reflect, Fort, Bglg} (curse)
rNeg     . . .     Spirit   .   b - +2 leather armour of Ashenzari's Inaction {rPois, Self, Elem} (curse)
rPois    +         Reflect  +   w - +2 helmet of Supernal Gnosis {Fort, Self} (curse)
rElec    .         Harm     .   v - +2 cloak of Curses and Power {Stlth+, Bglg, Melee} (curse)
rCorr    +         Rampage  .   y - +2 pair of gloves of Supernal Knowledge {archery, Melee, Elem} (curse)
Will     +....     Clarity  +   x - +1 pair of boots "Seer of Ashenzari" {Self, Elem} (curse)
Stlth    ++++......             u - amulet of Tatia {Reflect Str+3 SH+5}
HPRegen  0.00/turn              Z - ring "Restrained With Me" {Wiz, Wiz+, !d, Self, Bglg} (curse)
MPRegen  0.26/turn              f - ring of Ashenzari's Planets {rF+ rCorr Int+7 Stlth+, Elem, Evo} (curse)

@: about to teleport, very slow
A: fangs 1, strong nose, distributed training, iridescent scales 1, cold
resistance 1, inhibited regeneration
a: Renounce Religion, Curse Item, Shatter the Chains


You were on level 4 of the Shoals.
You worshipped Ashenzari.
Ashenzari was extremely pleased with you.
You visited 6 branches of the dungeon, and saw 29 of its levels.
You visited the Abyss 1 time.
You also visited: Ossuary, Bailey and Ice Cave.

You collected 3232 gold pieces.
You spent 2596 gold pieces at shops.

Inventory:

Hand Weapons
 a - a +4 trident of flaming
   (You took it off a gnoll sergeant on level 10 of the Dungeon)
Missiles
 c - 4 javelins
 m - 27 boomerangs (quivered)
 o - 5 curare-tipped darts
 p - 8 silver javelins
 r - 83 poisoned darts
 s - 5 throwing nets {!d}
 t - 3 datura-tipped darts
 z - 8 silver boomerangs
 K - 4 atropa-tipped darts
 S - 3 boomerangs of dispersal {=f}
Armour
 b - the cursed +2 leather armour of Ashenzari's Inaction (worn) {rPois, Self, Elem}
   (You took it off Rupert on level 6 of the Lair of Beasts)

   It has a curse which improves the following skills: Introspection: Fighting
   and Spellcasting.
   Elements:  Fire Magic, Ice Magic, Air Magic and Earth Magic.
 v - the cursed +2 cloak of Curses and Power (worn) {Stlth+, Bglg, Melee}
   (You took it off Crazy Yiuf on level 3 of the Dungeon)

   It has a curse which improves the following skills: Beguiling: Conjurations,
   Hexes and Translocations.
   Melee Combat: Short Blades, Long Blades, Axes, Maces & Flails, Polearms,
   Staves and Unarmed Combat.
 w - the cursed +2 helmet of Supernal Gnosis (worn) {Fort, Self}
   (You took it off Robin on level 3 of the Dungeon)

   It has a curse which improves the following skills: Fortitude: Armour and
   Shields.
   Introspection: Fighting and Spellcasting.
 x - the cursed +1 pair of boots "Seer of Ashenzari" (worn) {Self, Elem}
   (You found it on level 11 of the Dungeon)

   It has a curse which improves the following skills: Introspection: Fighting
   and Spellcasting.
   Elements:  Fire Magic, Ice Magic, Air Magic and Earth Magic.
 y - the cursed +2 pair of gloves of Supernal Knowledge (worn) {archery, Melee, Elem}
   (You found it in a bailey)

   It has a curse which improves the following skills: Melee Combat: Short
   Blades, Long Blades, Axes, Maces & Flails, Polearms, Staves and Unarmed
   Combat.
   Elements:  Fire Magic, Ice Magic, Air Magic and Earth Magic.
 E - the cursed +1 buckler "Doubts of Ashenzari" (worn) {reflect, Fort, Bglg}
   (You bought it in a shop on level 2 of the Orcish Mines)

   It has a curse which improves the following skills: Fortitude: Armour and
   Shields.
   Beguiling: Conjurations, Hexes and Translocations.
Magical Staves
 C - a cursed staff of cold (weapon) {rC+, Elem, Comp}
   (You found it on level 14 of the Dungeon)
Jewellery
 f - the cursed ring of Ashenzari's Planets (right hand) {rF+ rCorr Int+7 Stlth+, Elem, Evo}
   (You bought it in a shop on level 1 of the Dungeon)

   [ring of resist corrosion]

   It affects your intelligence (+7).
   It protects you from fire.
   It protects you from acid and corrosion.
   It makes you more stealthy.
   It has a curse which improves the following skills: Elements: Fire Magic, Ice
   Magic, Air Magic and Earth Magic.
   Evocations: Evocations.
 u - the amulet of Tatia (around neck) {Reflect Str+3 SH+5}
   (You bought it in a shop on level 2 of the Shoals)

   [amulet of reflection]

   It reflects blocked missile attacks.
   It affects your strength (+3).
   It affects your SH (+5).
 Z - the cursed ring "Restrained With Me" (left hand) {Wiz, Wiz+, !d, Self, Bglg}
   (You took it off a wight on level 8 of the Dungeon)

   [ring of wizardry]

   It improves your spell success rate.
   It has a curse which improves the following skills: Introspection: Fighting
   and Spellcasting.
   Beguiling: Conjurations, Hexes and Translocations.
Wands
 d - a wand of digging (14)
   (You took it off a skeletal warrior on level 11 of the Dungeon)
 h - a wand of acid (12)
   (You found it on level 1 of the Shoals)
 i - a wand of iceblast (29)
   (You found it on level 5 of the Dungeon)
 j - a wand of polymorph (5)
   (You took it off an orc wizard on level 12 of the Dungeon)
 q - a wand of flame (4)
   (You found it on level 12 of the Dungeon)
Scrolls
 g - 6 scrolls of fear
 n - 5 scrolls of fog
 A - 3 scrolls of enchant weapon
 D - 6 scrolls of blinking {!r}
 O - a scroll of silence
 Q - 3 scrolls of amnesia
 V - 7 scrolls of vulnerability {!r!r}
 W - a scroll of holy word {!r}
 X - 3 scrolls of magic mapping {@r4!r}
 Y - 4 scrolls of teleportation {@r3}
Potions
 k - a potion of cancellation
 B - 3 potions of brilliance
 F - 2 potions of attraction {!q}
 G - 4 potions of ambrosia {!q}
 H - a potion of haste
 I - 2 potions of invisibility
 J - 8 potions of curing {@q1}
 L - a potion of flight
 M - 6 potions of might
 N - 4 potions of heal wounds {@q2}
 P - 6 potions of lignification {!q}
 R - 5 potions of resistance
 T - 2 potions of berserk rage {!q}
 U - 2 potions of mutation {!q}
Miscellaneous
 l - a condenser vane
   (You found it on level 6 of the Lair of Beasts)


   Skills:
 + Level 11.6(17.5) Fighting
 + Level 11.6(15.2) Short Blades
 + Level 11.6(15.2) Long Blades
 + Level 11.6(15.2) Axes
 + Level 11.6(15.2) Maces & Flails
 + Level 11.6(15.2) Polearms
 + Level 11.6(15.2) Staves
 + Level 11.6 Slings
 + Level 11.6 Bows
 + Level 11.6 Crossbows
 + Level 11.6 Throwing
 + Level 11.6(15.2) Armour
 + Level 12.3 Dodging
 + Level 12.2 Stealth
 + Level 11.6(15.2) Shields
 + Level 11.6(15.2) Unarmed Combat
 + Level 12.4(18.3) Spellcasting
 + Level 9.9(14.8) Conjurations
 + Level 9.9(14.8) Hexes
 + Level 9.9(12.4) Summonings
 + Level 9.9(12.4) Necromancy
 + Level 9.9(14.8) Translocations
 + Level 9.9 Transmutations
 + Level 9.9(16.8) Fire Magic
 + Level 11.9(18.8) Ice Magic
 + Level 9.9(16.8) Air Magic
 + Level 9.9(16.8) Earth Magic
 + Level 9.9 Poison Magic
 + Level 12.5 Invocations
 + Level 11.6(13.9) Evocations


You had 5 spell levels left.
You knew the following spells:

 Your Spells              Type           Power      Damage    Failure   Level
a - Freeze                Ice            100%       1d11      0%          1
b - Frozen Ramparts       Ice            100%       1d12      0%          3
c - Blink                 Tloc           N/A        N/A       0%          2
d - Call Imp              Summ           75%        N/A       0%          2
e - Conjure Flame         Conj/Fire      84%        6-21      0%          3
f - Hailstorm             Conj/Ice       100%       3d20      0%          4
g - Summon Lightning Spi  Summ/Air       81%        N/A       1%          4
h - Silence               Hex/Air        42%        N/A       1%          5
i - Freezing Cloud        Conj/Ice/Air   54%        6-21      1%          6
j - Bolt of Magma         Conj/Fire/Erth 42%        4d18      1%          5
k - Iron Shot             Conj/Erth      42%        9d8       1%          6
x - Mephitic Cloud        Conj/Pois/Air  79%        N/A       0%          3
A - Ozocubu's Armour      Ice            100%       N/A       0%          3

Your spell library contained the following spells:

 Spells                   Type           Power      Damage    Failure   Level
 Animate Skeleton         Necr           100%       N/A       0%          1
 Apportation              Tloc           100%       N/A       0%          1
 Corona                   Hex            90%        N/A       0%          1
 Magic Dart               Conj           100%       1d8       0%          1
 Pain                     Necr           100%       1d9       0%          1
 Summon Small Mammal      Summ           100%       N/A       0%          1
 Searing Ray              Conj           100%       3d7       0%          2
 Slow                     Hex            81%        N/A       0%          2
 Confusing Touch          Hex            81%        N/A       0%          3
 Dazzling Flash           Conj/Hex       100%       N/A       0%          3
 Gell's Gravitas          Tloc           40%        N/A       0%          3
 Inner Flame              Hex/Fire       84%        N/A       0%          3
 Portal Projectile        Hex/Tloc       100%       N/A       0%          3
 Call Canine Familiar     Summ           75%        N/A       1%          3
 Summon Guardian Golem    Hex/Summ       78%        N/A       1%          3
 Vampiric Draining        Necr           37%        2d11      1%          3
 Animate Armour           Summ/Erth      100%       N/A       1%          4
 Animate Dead             Necr           37%        N/A       1%          4
 Cause Fear               Hex            40%        N/A       1%          4
 Fulminant Prism          Conj/Hex       40%        3d20      1%          4
 Ice Form                 Ice/Tmut       100%       N/A       1%          4
 Iskenderun's Mystic Bla  Conj/Tloc      81%        2d16      1%          4
 Leda's Liquefaction      Hex/Erth       42%        N/A       1%          4
 Petrify                  Tmut/Erth      77%        N/A       1%          4
 Summon Ice Beast         Ice/Summ       100%       N/A       1%          4
 Agony                    Necr           75%        N/A       1%          5
 Iskenderun's Battlesphe  Conj           81%        2d13      1%          5
 Metabolic Englaciation   Hex/Ice        54%        N/A       1%          5
 Yara's Violent Unravell  Hex/Tmut       37%        3d15      1%          5
 Conjure Ball Lightning   Conj/Air       42%        3x3d15    1%          6
 Simulacrum               Ice/Necr       52%        N/A       1%          6
 Statue Form              Tmut/Erth      51%        N/A       1%          6
 Orb of Destruction       Conj           40%        9d14      1%          7
 Ozocubu's Refrigeration  Ice            56%        4d16      1%          7
 Spellforged Servitor     Conj/Summ      39%        N/A       2%          7
 Shatter                  Erth           43%        3d33*     61%         9
 Tornado                  Air            43%        N/A       61%         9


Dungeon Overview and Level Annotations

Branches:
Dungeon (15/15)            Temple (1/1) D:4            Lair (6/6) D:10
 Shoals (4/4) Lair:3       Spider (1/4) Lair:4        Slime (0/5) Lair:6
    Orc (2/2) D:9             Elf (0/3) Orc:2        Vaults (0/5) D:13
 Depths (0/5) D:15        Ossuary (visited)          Bailey (visited)
  IceCv (visited)

Altars:
Ashenzari
Cheibriados
Dithmenos
Elyvilon
Fedhas
Gozag
Hepliaklqana
Kikubaaqudgha
Makhleb
Nemelex Xobeh
Okawaru
Qazlal
Ru
Sif Muna
Trog
Uskayaw
Vehumet
Wu Jian
Xom
Yredelemnul
Zin
The Shining One
Jiyva

Shops:
D:1 =   D:8 ?   Orc:2 (=[*   Shoals:2 =

Annotations:
Shoals:2 2 transporters, exclusion: orange crystal statue
Shoals:4 Ilsuiw


Innate Abilities, Weirdness & Mutations

You have very sharp teeth.
Your uncanny sense of smell can sniff out nearby items.
Your experience applies equally to all skills.
You are partially covered in iridescent scales. (AC +2)
Your flesh is cold resistant. (rC+)
You do not regenerate when monsters are visible.


Message History

The water nymph's watery aura covers the stone staircase leading up.
Splash!
You fall into the shallow water.
Moving in this stuff is going to be slow.
The merfolk barely misses you.
The merfolk impaler hits you but does no damage.
You can't go up here!
You can't go up here!
Casting: Frozen Ramparts (safe; 0% risk of failure)
Confirm with . or Enter, or press ? or * to list all spells.
You feel a surge of power! A film of ice covers your body!
The sea snake closely misses you.
The merfolk hits you but does no damage.
The water nymph points at you and mumbles some strange words.
The water swirls and strikes you! The merfolk impaler closely misses you.
You take 11 damage, and have 137/148 hp.
You now have 36/39 mp.
Casting: Ozocubu's Armour (safe; 0% risk of failure)
Confirm with . or Enter, or press ? or * to list all spells.
You feel a surge of power!
The walls around you are covered in ice.
The wall freezes the sea snake!
You block the sea snake's attack.
The merfolk impaler hits you but does no damage.
The merfolk misses you. The water nymph barely misses you.
The merfolk impaler completely misses you.
The merfolk impaler hits you from afar with a +1 demon trident of freezing!
The merfolk impaler freezes you.
The wall freezes the sea snake!
The sea snake seems to slow down.
The sea snake misses you.
You take 16 damage, and have 121/148 hp.
You now have 33/39 mp.
The merfolk aquamancer shouts!
You hit the sea snake but do no damage. You freeze the sea snake!!
The sea snake seems to slow down.
A merfolk siren comes into view. It is wielding a +0 spear.
The merfolk impaler hits you but does no damage.
The merfolk hits you but does no damage.
The merfolk impaler closely misses you. The water nymph touches you.
The water nymph drowns you!
You take 14 damage, and have 107/148 hp.
As you read the scroll of teleportation {@r3}, it crumbles to dust.
You feel strangely unstable. The harpy completely misses you.
The harpy claws you but does no damage.
You block the merfolk impaler's attack. x3
The merfolk impaler hits you from afar with a +0 demon trident of freezing!!
The wall freezes the sea snake!
The sea snake misses you.
The merfolk siren chants a haunting song.
You are unaffected.
The merfolk hits you but does no damage.
The merfolk impaler hits you but does no damage.
The water nymph touches you. The water nymph drowns you!
The merfolk impaler barely misses you.
You take 28 damage, and have 79/148 hp.
Your unstable footing causes you to fumble your attack.
The harpy claws you. You block the harpy's attack.
The merfolk impaler hits you but does no damage.
You block the merfolk impaler's attack. The harpy claws you but does no damage.
You block the harpy's attack.
The merfolk impaler hits you but does no damage.
You take 5 damage, and have 74/148 hp.
You are too injured to fight recklessly!
You hit the sea snake. You freeze the sea snake!
You block the merfolk impaler's attack. You block the harpy's attack.
The harpy claws you but does no damage.
The merfolk siren chants a haunting song.
You are unaffected.
The merfolk impaler misses you. The merfolk closely misses you.
The wall freezes the sea snake!
The water nymph casts a spell at you. The water swirls and strikes you.
The merfolk impaler hits you from afar with a +1 demon trident of freezing.
The merfolk impaler hits you from afar with a +2 demon trident of freezing!
The merfolk impaler freezes you.
You take 20 damage, and have 54/148 hp.
Your icy armour and frozen ramparts will break if you move.
Continue? [Y]es or [N]o only, please.
Your icy armour and frozen ramparts will break if you move.
Continue?
Your icy armour cracks and falls away as you move.
The frozen ramparts melt away as you move.
A merfolk javelineer comes into view. It is wielding a +0 spear.
The harpy screeches!
You block the harpy's attack. x2
The merfolk impaler hits you from afar with a +1 demon trident of freezing.
The merfolk impaler hits you with a +0 demon trident of freezing.
The merfolk impaler hits you from afar with a +1 demon trident of freezing!
* * * LOW HITPOINT WARNING * * *
The merfolk impaler freezes you.
* * * LOW HITPOINT WARNING * * *
The merfolk impaler hits you with a +2 demon trident of freezing!
* * * LOW HITPOINT WARNING * * *
The merfolk impaler freezes you.
* * * LOW HITPOINT WARNING * * *
The merfolk siren chants a haunting song.
You are unaffected.
The merfolk aquamancer casts a spell at you.
The shard of ice hits you! You partially resist.
* * * LOW HITPOINT WARNING * * *
The merfolk barely misses you. The water nymph touches you.
The water nymph drowns you!
* * * LOW HITPOINT WARNING * * *
The water nymph points at you and mumbles some strange words.
The water swirls and strikes you!
You die...

≈ ≈≈
≈≈≈≈≈≈≈≈≈≈≈≈≈≈≈≈≈≈≈
≈≈≈≈ ≈ * *
*≈≈≈≈≈≈≈≈≈≈≈≈≈≈≈≈≈≈
≈≈ ≈ ** * *
≈≈≈≈≈≈≈≈≈≈≈≈≈≈≈≈≈≈≈
≈≈≈ ≈ ≈≈ *
*#≈≈≈≈≈≈≈≈≈≈≈≈≈≈≈≈ ≈
≈≈ ≈** ≈ ≈≈
#≈≈≈≈≈≈≈≈)≈≈≈≈≈≈≈ ≈
≈ ≈ *≈*≈≈
#≈≈≈≈≈≈≈≈≈m≈≈≈≈≈≈≈ ≈
*≈≈ ≈
≈*#≈..≈≈≈m≈≈#.≈≈≈≈≈
≈ *≈≈ ≈ ≈
**≈....≈≈)H≈##PP≈≈≈
≈ ≈≈* ≈ ≈
.....≈≈≈m@..PP≈≈≈≈
**≈ *
#.....≈mmm≈≈≈P≈≈≈
≈≈≈ ** ** *
$....≈≈≈≈PPmP≈≈≈≈≈≈≈
≈* **
≈*,.....≈≈≈≈≈≈≈≈≈≈≈≈
≈≈ ** ,
.....≈≈≈≈≈≈≈≈≈H≈≈≈≈≈
≈ * ,, ,,
..?.≈≈≈≈≈≈P≈≈≈≈m≈ ≈
≈ ≈ , ,
....PP≈≈≈≈PPPPPm≈ ≈
≈ ≈≈ ≈ ≈ ≈
≈≈.≈≈≈≈≈≈≈≈PPPPPP≈
≈≈≈ ≈ ≈≈ ≈≈ ≈ ≈ ≈ ≈≈
≈≈ ≈≈


You could see 3 merfolk impalers, a merfolk javelineer, a merfolk aquamancer, a
merfolk, a manticore, a merfolk siren, 2 water nymphs and a harpy.

Vanquished Creatures
  Rupert (Lair:6)
  2 tentacled starspawn (Abyss:2)
  2 orc warlords
  Louise (D:14)
  The ghost of Xuigoxu the Impaler, a journeyman MfGl of the Shining One (Lair:3)
  Nessos (D:15)
  Snorg (Lair:6)
  2 merfolk impalers
  A merfolk javelineer (Shoals:2)
  Fannar (Lair:2)
  10 hydras
  4 boulder beetles
  A catoblepas (Lair:6)
  3 merfolk avatars
  5 two-headed ogres
  3 centaur warriors (D:13)
  2 satyrs
  2 tengu warriors
  A deep troll earth mage (D:12)
  8 death yaks
  4 merfolk aquamancers
  A deep troll shaman (Lair:6)
  5 orc high priests
  Nergalle (D:11)
  Urug (Lair:3)
  Sonja (D:13)
  3 wretched stars (Abyss:2)
  5 skeletal warriors (D:12)
  A fire crab (shapeshifter) (D:14)
  4 sea snakes
  6 orc knights
  2 deep elf pyromancers (D:13)
  2 necromancers
  3 wizards
  14 harpies
  A wolf spider (Lair:4)
  A wolf spider zombie (D:7)
  13 manticores
  17 ugly things
  An oklob plant (Lair:2)
  6 orc sorcerers
  5 merfolk sirens
  7 elephants
  14 fauns
  3 cyclopes
  4 water nymphs
  A guardian serpent (shapeshifter) (D:13)
  3 ice statues
  8 cane toads
  2 gargoyles
  3 black mambas
  3 rime drakes
  3 yaktaurs (D:15)
  A komodo dragon (shapeshifter) (D:15)
  A tormentor (Abyss:2)
  4 komodo dragons
  2 ancient zymes (Abyss:2)
  3 freezing wraiths
  3 tengu conjurers
  6 trolls
  A hellwing (D:7)
  5 ice devils (D:8)
  13 merfolk
  A queen bee (shapeshifter) (D:13)
  6 wind drakes
  4 polar bears
  7 dream sheep
  A meliai zombie (D:7)
  16 blink frogs
  6 slime creatures
  4 snapping turtles
  3 vampires
  48 yaks
  8 wyverns
  17 water elementals
  3 wraiths
  6 basilisks
  3 fire bats (Abyss:2)
  3 large abominations (Abyss:2)
  2 wargs (D:9)
  14 vampire mosquitoes
  12 water moccasins
  An acid dragon (D:10)
  44 orc warriors
  6 ice beasts (IceCv)
  2 black bears
  3 necrophages
  4 boggarts (D:15)
  5 ogres
  22 wolves
  9 centaurs
  A kobold brigand (D:11)
  13 bullfrogs
  8 scorpions
  2 gnoll sergeants
  A wyvern zombie (D:7)
  A water moccasin zombie (D:7)
  11 killer bees
  A water moccasin skeleton (D:5)
  8 wights
  5 electric eels (D:8)
  A lava snake (D:11)
  9 centaur zombies
  2 human zombies (Ossuary)
  2 hounds
  20 orc priests
  Crazy Yiuf (D:3)
  5 centaur skeletons
  A gnoll shaman (D:6)
  Natasha (D:3)
  6 iguanas
  26 orc wizards
  7 scorpion zombies (Ossuary)
  Terence (D:3)
  3 mummies (Ossuary)
  Robin (D:3)
  2 howler monkey zombies (D:10)
  16 gnolls
  10 adders
  5 shadow imps (D:7)
  7 ufetubi
  An adder skeleton (D:4)
  4 dart slugs
  107 orcs
  4 ball pythons
  3 endoplasms
  7 giant cockroaches
  14 goblins
  8 hobgoblins
  9 jackals
  5 kobolds
  A quokka (D:2)
  7 bats
  2 frilled lizards
  2 goblin zombies (Ossuary)
  4 kobold zombies (Ossuary)
  2 orc zombies (Ossuary)
  9 rats
  A starspawn tentacle (Abyss:2)
866 creatures vanquished.

Vanquished Creatures (collateral kills)
  A boulder beetle (D:14)
  A death knight (D:14)
  2 skeletal warriors
  A freezing wraith (D:14)
  A troll (D:15)
  4 orcs
10 creatures vanquished.

Vanquished Creatures (others)
  A large abomination (Abyss:2)
  A manticore (Shoals:3)
  3 scorpions (Ossuary)
  An ufetubus (D:8)
  13 fungi
  53 plants
  8 starspawn tentacles (Abyss:2)
  16 withered plants (D:7)
96 creatures vanquished.

Grand Total: 972 creatures vanquished

Notes
Turn   | Place    | Note
-------+----------+-------------------------------------------
     0 | D:1      | Snikeer the Gnoll Ice Elementalist began the quest for the
                  | Orb.
     0 | D:1      | Reached XP level 1. HP: 13/13 MP: 6/6
   169 | D:1      | Reached XP level 2. HP: 17/19 MP: 5/7
   272 | D:1      | Found Uvups's Jewellery Boutique.
   897 | D:1      | Reached XP level 3. HP: 24/25 MP: 7/9
   993 | D:1      | Learned a level 3 spell: Frozen Ramparts
   997 | D:1      | Learned a level 3 spell: Ozocubu's Armour
  1091 | D:2      | Reached skill level 5 in Spellcasting
  1278 | D:2      | Reached skill level 1 in Invocations
  1654 | D:2      | Found a faded altar of an unknown god.
  1664 | D:2      | Reached skill level 1 in Fighting
  1664 | D:2      | Reached skill level 1 in Short Blades
  1664 | D:2      | Reached skill level 1 in Long Blades
  1664 | D:2      | Reached skill level 1 in Axes
  1664 | D:2      | Reached skill level 1 in Maces & Flails
  1664 | D:2      | Reached skill level 1 in Polearms
  1664 | D:2      | Reached skill level 1 in Staves
  1664 | D:2      | Reached skill level 1 in Slings
  1664 | D:2      | Reached skill level 1 in Bows
  1664 | D:2      | Reached skill level 1 in Crossbows
  1664 | D:2      | Reached skill level 1 in Throwing
  1664 | D:2      | Reached skill level 1 in Armour
  1664 | D:2      | Reached skill level 1 in Shields
  1664 | D:2      | Reached skill level 1 in Unarmed Combat
  1664 | D:2      | Reached skill level 1 in Evocations
  1760 | D:2      | Reached XP level 4. HP: 32/32 MP: 11/11
  2392 | D:3      | Reached skill level 1 in Conjurations
  2392 | D:3      | Reached skill level 1 in Hexes
  2392 | D:3      | Reached skill level 1 in Summonings
  2392 | D:3      | Reached skill level 1 in Necromancy
  2392 | D:3      | Reached skill level 1 in Translocations
  2392 | D:3      | Reached skill level 1 in Transmutations
  2392 | D:3      | Reached skill level 1 in Fire Magic
  2392 | D:3      | Reached skill level 1 in Air Magic
  2392 | D:3      | Reached skill level 1 in Earth Magic
  2392 | D:3      | Reached skill level 1 in Poison Magic
  2411 | D:3      | Found a runed translucent door.
  2412 | D:3      | Noticed Crazy Yiuf
  2480 | D:3      | Reached XP level 5. HP: 37/37 MP: 6/12
  2527 | D:3      | Noticed Robin
  2536 | D:3      | Noticed Terence
  2545 | D:3      | Killed Robin
  2546 | D:3      | Killed Terence
  2892 | D:3      | Noticed Natasha
  2897 | D:3      | Killed Natasha
  2898 | D:3      | Reached skill level 2 in Invocations
  2898 | D:3      | Reached XP level 6. HP: 41/44 MP: 6/13
  3300 | D:3      | Killed Crazy Yiuf
  3445 | D:4      | Reached skill level 5 in Dodging
  3515 | D:4      | Found a sand-covered staircase.
  3525 | Ossuary  | Entered an ossuary
  3549 | Ossuary  | Reached skill level 2 in Fighting
  3549 | Ossuary  | Reached skill level 2 in Short Blades
  3549 | Ossuary  | Reached skill level 2 in Long Blades
  3549 | Ossuary  | Reached skill level 2 in Axes
  3549 | Ossuary  | Reached skill level 2 in Maces & Flails
  3549 | Ossuary  | Reached skill level 2 in Polearms
  3549 | Ossuary  | Reached skill level 2 in Staves
  3549 | Ossuary  | Reached skill level 2 in Slings
  3549 | Ossuary  | Reached skill level 2 in Bows
  3549 | Ossuary  | Reached skill level 2 in Crossbows
  3549 | Ossuary  | Reached skill level 2 in Throwing
  3549 | Ossuary  | Reached skill level 2 in Armour
  3549 | Ossuary  | Reached skill level 2 in Shields
  3549 | Ossuary  | Reached skill level 2 in Unarmed Combat
  3549 | Ossuary  | Reached skill level 2 in Evocations
  3913 | Ossuary  | Reached XP level 7. HP: 37/50 MP: 12/15
  4134 | Ossuary  | Reached skill level 2 in Conjurations
  4134 | Ossuary  | Reached skill level 2 in Hexes
  4134 | Ossuary  | Reached skill level 2 in Summonings
  4134 | Ossuary  | Reached skill level 2 in Necromancy
  4134 | Ossuary  | Reached skill level 2 in Translocations
  4134 | Ossuary  | Reached skill level 2 in Transmutations
  4134 | Ossuary  | Reached skill level 2 in Fire Magic
  4134 | Ossuary  | Reached skill level 2 in Air Magic
  4134 | Ossuary  | Reached skill level 2 in Earth Magic
  4134 | Ossuary  | Reached skill level 2 in Poison Magic
  4379 | Ossuary  | Reached skill level 5 in Stealth
  4549 | Ossuary  | Reached skill level 3 in Invocations
  4583 | Ossuary  | Reached XP level 8. HP: 17/57 MP: 6/16
  4644 | Ossuary  | HP: 14/57 [scorpion (3)]
  4645 | Ossuary  | Gained mutation: Armour fits poorly on your strangely
                  | shaped body. [potion of mutation]
  4647 | Ossuary  | HP: 4/57 [poisoned by a scorpion]
  4649 | Ossuary  | Lost mutation: Armour fits poorly on your strangely shaped
                  | body. [potion of mutation]
  4649 | Ossuary  | Gained mutation: You are partially covered in iridescent
                  | scales. (AC +2) [potion of mutation]
  4649 | Ossuary  | Gained mutation: You do not regenerate when monsters are
                  | visible. [potion of mutation]
  4649 | Ossuary  | Gained mutation: Your flesh is cold resistant. (rC+)
                  | [potion of mutation]
  4912 | Ossuary  | Reached skill level 3 in Fighting
  4912 | Ossuary  | Reached skill level 3 in Short Blades
  4912 | Ossuary  | Reached skill level 3 in Long Blades
  4912 | Ossuary  | Reached skill level 3 in Axes
  4912 | Ossuary  | Reached skill level 3 in Maces & Flails
  4912 | Ossuary  | Reached skill level 3 in Polearms
  4912 | Ossuary  | Reached skill level 3 in Staves
  4912 | Ossuary  | Reached skill level 3 in Slings
  4912 | Ossuary  | Reached skill level 3 in Bows
  4912 | Ossuary  | Reached skill level 3 in Crossbows
  4912 | Ossuary  | Reached skill level 3 in Throwing
  4912 | Ossuary  | Reached skill level 3 in Armour
  4912 | Ossuary  | Reached skill level 3 in Shields
  4912 | Ossuary  | Reached skill level 3 in Unarmed Combat
  4912 | Ossuary  | Reached skill level 3 in Evocations
  5648 | D:4      | Found a staircase to the Ecumenical Temple.
  5654 | Temple   | Entered the Ecumenical Temple
  5888 | Temple   | Became a worshipper of Ashenzari the Shackled
  6112 | D:4      | Reached skill level 6 in Spellcasting
  6161 | D:4      | Found a glowing silver altar of Zin.
  6547 | D:4      | Identified the ring of Eskuhaaph {rElec Will- Str+6 Int+4}
  7079 | D:5      | Entered Level 5 of the Dungeon
  7718 | D:5      | Reached skill level 4 in Invocations
  7737 | D:5      | Reached skill level 3 in Conjurations
  7737 | D:5      | Reached skill level 3 in Hexes
  7737 | D:5      | Reached skill level 3 in Summonings
  7737 | D:5      | Reached skill level 3 in Necromancy
  7737 | D:5      | Reached skill level 3 in Translocations
  7737 | D:5      | Reached skill level 3 in Transmutations
  7737 | D:5      | Reached skill level 3 in Fire Magic
  7737 | D:5      | Reached skill level 3 in Air Magic
  7737 | D:5      | Reached skill level 3 in Earth Magic
  7737 | D:5      | Reached skill level 3 in Poison Magic
  7983 | D:5      | Reached skill level 6 in Dodging
  8609 | D:6      | Reached XP level 9. HP: 65/65 MP: 12/18
  8843 | D:6      | Reached skill level 4 in Fighting
  8843 | D:6      | Reached skill level 4 in Short Blades
  8843 | D:6      | Reached skill level 4 in Long Blades
  8843 | D:6      | Reached skill level 4 in Axes
  8843 | D:6      | Reached skill level 4 in Maces & Flails
  8843 | D:6      | Reached skill level 4 in Polearms
  8843 | D:6      | Reached skill level 4 in Staves
  8843 | D:6      | Reached skill level 4 in Slings
  8843 | D:6      | Reached skill level 4 in Bows
  8843 | D:6      | Reached skill level 4 in Crossbows
  8843 | D:6      | Reached skill level 4 in Throwing
  8843 | D:6      | Reached skill level 4 in Armour
  8843 | D:6      | Reached skill level 4 in Shields
  8843 | D:6      | Reached skill level 4 in Unarmed Combat
  8843 | D:6      | Reached skill level 4 in Evocations
  9270 | D:7      | Noticed a hellwing
  9270 | D:7      | Noticed a hellwing
  9441 | D:7      | Reached skill level 6 in Stealth
  9441 | D:7      | Reached skill level 8 in Ice Magic
  9694 | D:7      | Reached skill level 5 in Invocations
  9830 | D:7      | Reached skill level 7 in Spellcasting
 10031 | D:7      | Reached * piety under Ashenzari
 10077 | D:7      | Reached skill level 4 in Conjurations
 10077 | D:7      | Reached skill level 4 in Hexes
 10077 | D:7      | Reached skill level 4 in Summonings
 10077 | D:7      | Reached skill level 4 in Necromancy
 10077 | D:7      | Reached skill level 4 in Translocations
 10077 | D:7      | Reached skill level 4 in Transmutations
 10077 | D:7      | Reached skill level 4 in Fire Magic
 10077 | D:7      | Reached skill level 4 in Air Magic
 10077 | D:7      | Reached skill level 4 in Earth Magic
 10077 | D:7      | Reached skill level 4 in Poison Magic
 10077 | D:7      | Reached XP level 10. HP: 44/76 MP: 15/22
 10128 | D:7      | Reached skill level 5 in Fighting
 10128 | D:7      | Reached skill level 5 in Short Blades
 10128 | D:7      | Reached skill level 5 in Long Blades
 10128 | D:7      | Reached skill level 5 in Axes
 10128 | D:7      | Reached skill level 5 in Maces & Flails
 10128 | D:7      | Reached skill level 5 in Polearms
 10128 | D:7      | Reached skill level 5 in Staves
 10128 | D:7      | Reached skill level 5 in Slings
 10128 | D:7      | Reached skill level 5 in Bows
 10128 | D:7      | Reached skill level 5 in Crossbows
 10128 | D:7      | Reached skill level 5 in Throwing
 10128 | D:7      | Reached skill level 5 in Armour
 10128 | D:7      | Reached skill level 5 in Shields
 10128 | D:7      | Reached skill level 5 in Unarmed Combat
 10128 | D:7      | Reached skill level 5 in Evocations
 10302 | D:7      | Learned a level 2 spell: Blink
 10305 | D:7      | Learned a level 2 spell: Call Imp
 10309 | D:7      | Learned a level 3 spell: Conjure Flame
 10313 | D:7      | Learned a level 3 spell: Mephitic Cloud
 10318 | D:7      | Learned a level 4 spell: Hailstorm
 10813 | D:7      | Reached skill level 7 in Dodging
 11703 | D:7      | Reached skill level 6 in Invocations
 11802 | D:7      | Reached skill level 7 in Stealth
 11989 | D:8      | Noticed an ice statue
 12187 | D:8      | Found Garerr's Magic Scroll Emporium.
 12280 | D:8      | Reached XP level 11. HP: 74/83 MP: 17/23
 13116 | D:8      | Reached skill level 6 in Fighting
 13116 | D:8      | Reached skill level 6 in Short Blades
 13116 | D:8      | Reached skill level 6 in Long Blades
 13116 | D:8      | Reached skill level 6 in Axes
 13116 | D:8      | Reached skill level 6 in Maces & Flails
 13116 | D:8      | Reached skill level 6 in Polearms
 13116 | D:8      | Reached skill level 6 in Staves
 13116 | D:8      | Reached skill level 6 in Slings
 13116 | D:8      | Reached skill level 6 in Bows
 13116 | D:8      | Reached skill level 6 in Crossbows
 13116 | D:8      | Reached skill level 6 in Throwing
 13116 | D:8      | Reached skill level 6 in Armour
 13116 | D:8      | Reached skill level 6 in Shields
 13116 | D:8      | Reached skill level 6 in Unarmed Combat
 13116 | D:8      | Reached skill level 6 in Evocations
 13482 | D:8      | Reached skill level 5 in Conjurations
 13482 | D:8      | Reached skill level 5 in Hexes
 13482 | D:8      | Reached skill level 5 in Summonings
 13482 | D:8      | Reached skill level 5 in Necromancy
 13482 | D:8      | Reached skill level 5 in Translocations
 13482 | D:8      | Reached skill level 5 in Transmutations
 13482 | D:8      | Reached skill level 5 in Fire Magic
 13482 | D:8      | Reached skill level 5 in Air Magic
 13482 | D:8      | Reached skill level 5 in Earth Magic
 13482 | D:8      | Reached skill level 5 in Poison Magic
 13546 | D:8      | Reached skill level 8 in Spellcasting
 13872 | D:9      | Found a flagged portal.
 13884 | Bailey   | Entered a bailey
 13927 | Bailey   | Reached ** piety under Ashenzari
 14936 | D:9      | Noticed a two-headed ogre
 14947 | D:9      | Killed a two-headed ogre
 14951 | D:9      | Reached skill level 9 in Ice Magic
 14951 | D:9      | Reached skill level 7 in Invocations
 15020 | D:9      | Reached skill level 8 in Dodging
 15074 | D:9      | Found a staircase to the Orcish Mines.
 16393 | D:10     | Entered Level 10 of the Dungeon
 16813 | D:10     | Found a staircase to the Lair.
 17688 | D:11     | Reached skill level 8 in Stealth
 17737 | D:11     | Noticed a manticore
 17744 | D:11     | Killed a manticore
 17867 | D:11     | Reached XP level 12. HP: 89/95 MP: 20/26
 18218 | D:11     | Reached skill level 7 in Fighting
 18218 | D:11     | Reached skill level 7 in Short Blades
 18218 | D:11     | Reached skill level 7 in Long Blades
 18218 | D:11     | Reached skill level 7 in Axes
 18218 | D:11     | Reached skill level 7 in Maces & Flails
 18218 | D:11     | Reached skill level 7 in Polearms
 18218 | D:11     | Reached skill level 7 in Staves
 18218 | D:11     | Reached skill level 7 in Slings
 18218 | D:11     | Reached skill level 7 in Bows
 18218 | D:11     | Reached skill level 7 in Crossbows
 18218 | D:11     | Reached skill level 7 in Throwing
 18218 | D:11     | Reached skill level 7 in Armour
 18218 | D:11     | Reached skill level 7 in Shields
 18218 | D:11     | Reached skill level 7 in Unarmed Combat
 18218 | D:11     | Reached skill level 7 in Evocations
 18352 | D:11     | Learned a level 4 spell: Summon Lightning Spire
 18353 | D:11     | Noticed a two-headed ogre
 18366 | D:11     | Killed a two-headed ogre
 18396 | D:11     | Noticed a two-headed ogre
 18406 | D:11     | Killed a two-headed ogre
 18829 | D:11     | Reached *** piety under Ashenzari
 18909 | D:11     | Noticed Nergalle
 18925 | D:11     | Killed Nergalle
 18926 | D:11     | Reached skill level 6 in Conjurations
 18926 | D:11     | Reached skill level 6 in Hexes
 18926 | D:11     | Reached skill level 6 in Summonings
 18926 | D:11     | Reached skill level 6 in Necromancy
 18926 | D:11     | Reached skill level 6 in Translocations
 18926 | D:11     | Reached skill level 6 in Transmutations
 18926 | D:11     | Reached skill level 6 in Fire Magic
 18926 | D:11     | Reached skill level 6 in Air Magic
 18926 | D:11     | Reached skill level 6 in Earth Magic
 18926 | D:11     | Reached skill level 6 in Poison Magic
 19072 | D:11     | Reached skill level 8 in Invocations
 19077 | D:11     | Reached skill level 9 in Spellcasting
 19688 | D:12     | Noticed a two-headed ogre
 19701 | D:12     | Killed a two-headed ogre
 20016 | D:11     | Learned a level 5 spell: Silence
 20023 | D:11     | Learned a level 6 spell: Freezing Cloud
 20180 | D:12     | Reached skill level 9 in Dodging
 20245 | D:12     | HP: 13/100 [skeletal warrior/+0 war axe (16)]
 20248 | D:12     | HP: 3/100 [cloud of freezing vapour (4)]
 20253 | D:12     | HP: 8/100 [skeletal warrior/+0 long sword[a skeletal
                  | warrior] (4)]
 20486 | D:12     | Reached skill level 9 in Stealth
 20486 | D:12     | Reached XP level 13. HP: 83/106 MP: 21/30
 21031 | D:13     | Found a frozen archway.
 21043 | D:13     | Reached skill level 8 in Fighting
 21043 | D:13     | Reached skill level 8 in Short Blades
 21043 | D:13     | Reached skill level 8 in Long Blades
 21043 | D:13     | Reached skill level 8 in Axes
 21043 | D:13     | Reached skill level 8 in Maces & Flails
 21043 | D:13     | Reached skill level 8 in Polearms
 21043 | D:13     | Reached skill level 8 in Staves
 21043 | D:13     | Reached skill level 8 in Slings
 21043 | D:13     | Reached skill level 8 in Bows
 21043 | D:13     | Reached skill level 8 in Crossbows
 21043 | D:13     | Reached skill level 8 in Throwing
 21043 | D:13     | Reached skill level 8 in Armour
 21043 | D:13     | Reached skill level 8 in Shields
 21043 | D:13     | Reached skill level 8 in Unarmed Combat
 21043 | D:13     | Reached skill level 8 in Evocations
 21048 | D:13     | Noticed Sonja
 21060 | D:13     | Killed Sonja
 21076 | IceCv    | Entered an ice cave
 21127 | IceCv    | HP: 25/107 [ice beast (4)]
 21133 | IceCv    | HP: 22/107 [ice beast (3)]
 21210 | IceCv    | Found a transporter.
 21231 | IceCv    | Found a transporter.
 21249 | IceCv    | HP: 26/107 [ice statue] (5)]
 21260 | IceCv    | HP: 25/107 [white ugly thing (6)]
 21266 | IceCv    | HP: 20/107 [ice beast[an ice statue] (3)]
 21279 | IceCv    | HP: 25/107 [ice statue] (2)]
 21283 | IceCv    | HP: 12/107 [something (6)]
 21502 | D:13     | Reached skill level 9 in Invocations
 21965 | D:13     | Found a gate to the Vaults.
 21970 | D:13     | Reached skill level 10 in Ice Magic
 22148 | D:13     | Reached skill level 7 in Conjurations
 22148 | D:13     | Reached skill level 7 in Hexes
 22148 | D:13     | Reached skill level 7 in Summonings
 22148 | D:13     | Reached skill level 7 in Necromancy
 22148 | D:13     | Reached skill level 7 in Translocations
 22148 | D:13     | Reached skill level 7 in Transmutations
 22148 | D:13     | Reached skill level 7 in Fire Magic
 22148 | D:13     | Reached skill level 7 in Air Magic
 22148 | D:13     | Reached skill level 7 in Earth Magic
 22148 | D:13     | Reached skill level 7 in Poison Magic
 22511 | D:13     | Reached skill level 10 in Spellcasting
 23120 | D:14     | Noticed Louise
 23438 | D:1      | Bought the ring "Ocofaec" {rF+ rCorr Int+7 Stlth+} for 669
                  | gold pieces
 24702 | D:14     | Reached XP level 14. HP: 98/116 MP: 18/31
 24917 | D:14     | Killed Louise
 24918 | D:14     | Reached skill level 10 in Dodging
 24981 | D:15     | Entered Level 15 of the Dungeon
 25161 | D:15     | Reached skill level 9 in Fighting
 25161 | D:15     | Reached skill level 9 in Short Blades
 25161 | D:15     | Reached skill level 9 in Long Blades
 25161 | D:15     | Reached skill level 9 in Axes
 25161 | D:15     | Reached skill level 9 in Maces & Flails
 25161 | D:15     | Reached skill level 9 in Polearms
 25161 | D:15     | Reached skill level 9 in Staves
 25161 | D:15     | Reached skill level 9 in Slings
 25161 | D:15     | Reached skill level 9 in Bows
 25161 | D:15     | Reached skill level 9 in Crossbows
 25161 | D:15     | Reached skill level 9 in Throwing
 25161 | D:15     | Reached skill level 9 in Armour
 25161 | D:15     | Reached skill level 9 in Shields
 25161 | D:15     | Reached skill level 9 in Unarmed Combat
 25161 | D:15     | Reached skill level 9 in Evocations
 25304 | D:15     | Reached skill level 10 in Stealth
 25691 | D:15     | Reached **** piety under Ashenzari
 25724 | D:15     | Reached skill level 10 in Invocations
 26137 | D:15     | Noticed Nessos
 26259 | D:15     | Cast into level 2 of the Abyss (a wizard)
 26297 | Abyss:2  | Noticed a tentacled starspawn
 26313 | Abyss:2  | Killed a tentacled starspawn
 26334 | Abyss:2  | HP: 25/119 [??? (22)]
 26535 | Abyss:2  | Noticed a starcursed mass
 26654 | Abyss:2  | Noticed a tentacled starspawn
 26675 | Abyss:2  | Found a corrupted altar of Lugonu.
 26719 | Abyss:2  | Noticed a purple draconian
 26787 | Abyss:2  | Identified the +2 quarterstaff "Qabaofoq" {vorpal, Dex+3}
 26809 | Abyss:2  | Noticed a tentacled starspawn
 26819 | Abyss:2  | Identified the +0 chain mail of the Ten Allies {Regen+
                  | Dex+4}
 26866 | Abyss:2  | Reached skill level 8 in Conjurations
 26866 | Abyss:2  | Reached skill level 8 in Hexes
 26866 | Abyss:2  | Reached skill level 8 in Summonings
 26866 | Abyss:2  | Reached skill level 8 in Necromancy
 26866 | Abyss:2  | Reached skill level 8 in Translocations
 26866 | Abyss:2  | Reached skill level 8 in Transmutations
 26866 | Abyss:2  | Reached skill level 8 in Fire Magic
 26866 | Abyss:2  | Reached skill level 8 in Air Magic
 26866 | Abyss:2  | Reached skill level 8 in Earth Magic
 26866 | Abyss:2  | Reached skill level 8 in Poison Magic
 26867 | Abyss:2  | Killed a tentacled starspawn
 26876 | D:15     | Escaped the Abyss
 27717 | Lair:1   | Entered Level 1 of the Lair of Beasts
 28002 | Lair:1   | Reached XP level 15. HP: 107/126 MP: 17/30
 28274 | Lair:1   | Identified the +9 mace of the Morning {chaos, Str+2 Stlth+}
 28951 | Lair:1   | Reached ***** piety under Ashenzari
 28985 | Lair:2   | Identified the +10 trident "Peebykai" {vamp, +Rage Dex+4}
 29136 | Lair:2   | Noticed Fannar
 29206 | Lair:2   | Reached skill level 11 in Spellcasting
 29975 | Lair:2   | Learned a level 5 spell: Bolt of Magma
 29982 | Lair:2   | Learned a level 6 spell: Iron Shot
 30007 | Lair:2   | Killed Fannar
 30171 | Lair:3   | Noticed Urug
 30183 | Lair:3   | Killed Urug
 30217 | Lair:3   | Reached skill level 10 in Fighting
 30217 | Lair:3   | Reached skill level 10 in Short Blades
 30217 | Lair:3   | Reached skill level 10 in Long Blades
 30217 | Lair:3   | Reached skill level 10 in Axes
 30217 | Lair:3   | Reached skill level 10 in Maces & Flails
 30217 | Lair:3   | Reached skill level 10 in Polearms
 30217 | Lair:3   | Reached skill level 10 in Staves
 30217 | Lair:3   | Reached skill level 10 in Slings
 30217 | Lair:3   | Reached skill level 10 in Bows
 30217 | Lair:3   | Reached skill level 10 in Crossbows
 30217 | Lair:3   | Reached skill level 10 in Throwing
 30217 | Lair:3   | Reached skill level 10 in Armour
 30217 | Lair:3   | Reached skill level 10 in Shields
 30217 | Lair:3   | Reached skill level 10 in Unarmed Combat
 30217 | Lair:3   | Reached skill level 10 in Evocations
 30531 | Lair:3   | Found a runed translucent door.
 30580 | Lair:3   | Found a staircase to the Shoals.
 30793 | Lair:3   | Noticed Xuigoxu's ghost (journeyman MfGl)
 30928 | Lair:3   | Killed Xuigoxu's ghost
 30929 | Lair:3   | Reached skill level 11 in Dodging
 31211 | D:8      | Bought a scroll of acquirement for 624 gold pieces
 31211 | D:8      | Bought a scroll of teleportation for 36 gold pieces
 31518 | Lair:4   | Found a hole to the Spider Nest.
 31590 | Lair:4   | Reached skill level 11 in Ice Magic
 31598 | Lair:4   | Reached skill level 11 in Invocations
 31862 | Lair:4   | Reached skill level 11 in Stealth
 32509 | Spider:1 | Entered Level 1 of the Spider Nest
 33230 | Lair:6   | Entered Level 6 of the Lair of Beasts
 33346 | Lair:6   | Found a staircase to the Slime Pits.
 33346 | Lair:6   | Found a viscous altar of Jiyva.
 33596 | Lair:6   | Noticed Snorg
 33662 | Lair:6   | Killed Snorg
 33984 | Lair:6   | Reached XP level 16. HP: 139/139 MP: 25/37
 34405 | Lair:6   | Reached skill level 9 in Conjurations
 34405 | Lair:6   | Reached skill level 9 in Hexes
 34405 | Lair:6   | Reached skill level 9 in Summonings
 34405 | Lair:6   | Reached skill level 9 in Necromancy
 34405 | Lair:6   | Reached skill level 9 in Translocations
 34405 | Lair:6   | Reached skill level 9 in Transmutations
 34405 | Lair:6   | Reached skill level 9 in Fire Magic
 34405 | Lair:6   | Reached skill level 9 in Air Magic
 34405 | Lair:6   | Reached skill level 9 in Earth Magic
 34405 | Lair:6   | Reached skill level 9 in Poison Magic
 34489 | Lair:6   | Noticed Rupert
 34827 | Lair:6   | Killed Rupert
 35258 | Orc:1    | Entered Level 1 of the Orcish Mines
 35699 | Orc:1    | HP: 27/134 [orc priest/divine providence[an orc warlord]
                  | (12)]
 35700 | Orc:1    | HP: 9/134 [orc warlord/bolt (15)]
 37036 | Orc:1    | Acquired 679 gold pieces
 37053 | Orc:2    | Entered Level 2 of the Orcish Mines
 37053 | Orc:2    | Found a staircase to the Elven Halls.
 37846 | Orc:2    | Paralysed by an orc sorcerer for 6 turns
 37852 | Orc:2    | HP: 34/139 [orc/+0 hand axe (5)]
 37864 | Orc:2    | HP: 15/139 [orc warrior/+0 glaive (11)]
 39041 | Orc:2    | Found Unauvah's Antique Armour Shop.
 39042 | Orc:2    | Found Kelyin's General Store.
 39042 | Orc:2    | Found Bido's Antique Weapon Boutique.
 39043 | Orc:2    | Found Evveoh's Jewellery Shop.
 39267 | Orc:2    | Bought an amulet of regeneration for 360 gold pieces
 39286 | Orc:2    | Bought a shiny buckler for 225 gold pieces
 39302 | Orc:2    | Bought a potion of heal wounds for 50 gold pieces
 39302 | Orc:2    | Bought a potion of might for 40 gold pieces
 39302 | Orc:2    | Bought a potion of curing for 30 gold pieces
 39559 | D:15     | Paralysed by an orc sorcerer for 7 turns
 39597 | D:15     | Found a staircase to the Depths.
 39744 | D:15     | Killed Nessos
 39745 | D:15     | Reached skill level 11 in Fighting
 39745 | D:15     | Reached skill level 11 in Short Blades
 39745 | D:15     | Reached skill level 11 in Long Blades
 39745 | D:15     | Reached skill level 11 in Axes
 39745 | D:15     | Reached skill level 11 in Maces & Flails
 39745 | D:15     | Reached skill level 11 in Polearms
 39745 | D:15     | Reached skill level 11 in Staves
 39745 | D:15     | Reached skill level 11 in Slings
 39745 | D:15     | Reached skill level 11 in Bows
 39745 | D:15     | Reached skill level 11 in Crossbows
 39745 | D:15     | Reached skill level 11 in Throwing
 39745 | D:15     | Reached skill level 11 in Armour
 39745 | D:15     | Reached skill level 11 in Shields
 39745 | D:15     | Reached skill level 11 in Unarmed Combat
 39745 | D:15     | Reached skill level 11 in Evocations
 40089 | Shoals:1 | Entered Level 1 of the Shoals
 40111 | Shoals:1 | Reached skill level 12 in Spellcasting
 40308 | Shoals:1 | HP: 35/141 [drowned by a water elemental (4)]
 40536 | Shoals:1 | Reached skill level 12 in Invocations
 40924 | Shoals:2 | Found a transporter.
 40925 | Shoals:2 | Identified the ring "Rikh" {Str+4 SInv}
 40925 | Shoals:2 | Identified the +9 mace of the Madman {vorpal, Fly Int+4
                  | SInv}
 41197 | Shoals:2 | Reached skill level 12 in Dodging
 41215 | Shoals:2 | Reached XP level 17. HP: 112/147 MP: 27/39
 41421 | Shoals:2 | Found a transporter.
 41473 | Shoals:2 | Reached skill level 12 in Stealth
 41651 | Shoals:2 | Found Furo's Jewellery Shop.
 41657 | Shoals:2 | Bought the amulet of Tatia {Reflect Str+3 SH+5} for 562
                  | gold pieces
 43656 | Shoals:4 | Entered Level 4 of the Shoals
 43665 | Shoals:4 | Noticed Ilsuiw
 44071 | Shoals:4 | HP: 30/148 [merfolk impaler/+2 demon trident of freezing
                  | (10)]
 44071 | Shoals:4 | HP: 9/148 [drowned by a water nymph (9)]
 44071 | Shoals:4 | Killed from afar by a water nymph

Illustrated notes

Levels and vault maps discovered:
D:1:      dpeg_arrival_ternary, layout_basic, serial_shops, nicolae_shop_stone
D:2:      layout_loops_ring, basic_ecumenical_altar
D:3:      layout_loops_cross, minmay_ruptured, uniq_robin,
          uniq_crazy_yiuf_cottage, uniq_terence, uniq_natasha
D:4:      layout_loops_corners, zin_academy, temple_green, serial_forest,
          infiniplex_forest_end_3, infiniplex_forest_end_2,
          infiniplex_forest_lined_ring, infiniplex_forest_end_3,
          infiniplex_forest_lined_room_2, infiniplex_forest_fountain,
          infiniplex_forest_fountain, chequers_ossuary_entry_cave
D:5:      layout_cave_pools, supply_closet_lemuel, dk_vineyard_2, st_stairs_12,
          grunt_ministairs_7, nrook_loot_triangle, patterned_corridor
D:6:      layout_rooms
D:7:      cheibrodos_grave_circle, layout_basic, kennysheep_generic_room_3
D:8:      cheibrodos_frozen_isle, layout_rooms, serial_shops,
          nicolae_shop_waterfront, amcnicky_mini_corridor_feature,
          chequers_big_river
D:9:      layout_layer_cave, david_orc_3, enter_bailey_6, grunt_decor_fettered
D:10:     layout_loops_ring, lair_entry_dummy
D:11:     layout_basic, amcnicky_mini_pool_medium, uniq_nergalle
D:12:     layout_roguey, kennysheep_just_a_vault
D:13:     layout_long_grid, david_vaults_1, portal_ice_cave_rime, uniq_sonja
D:14:     layout_basic, palyth_stone_intersect, hangedman_decor_slide_cut,
          uniq_louise
D:15:     grunt_enter_depths_magical_seal, layout_basic, moated_statue,
          eino_small_chamber_without_monster, grunt_ministairs_10,
          minmay_misc_feat_secret_circle, chequers_arboretum, uniq_nessos
Temple:   kilobyte_greek_temple
Lair:1:   layout_concentric_octagons, grunt_megastairs_4
Lair:2:   layout_layer_cave, fungi_pond_lemuel, minmay_lair_oklob_chamber,
          grunt_megastairs_1, uniq_fannar
Lair:3:   layout_cave_shapes, minmay_shoals_entry_beasts,
          ebering_ghost_reflecting_pool, eino_small_chamber_without_monster,
          grunt_megastairs_2, uniq_urug
Lair:4:   layout_cave_pods, spider_nest_entry_rubble, grunt_megastairs_5,
          infiniplex_staircase_pool_2
Lair:5:   layout_cave_shapes
Lair:6:   grunt_lair_end_beastmaster, layout_regular_city, slime_altar_1,
          uniq_rupert, uniq_snorg
Shoals:1: layout_shoals
Shoals:2: gammafunk_sealed_arena, layout_shoals, nicolae_shoals_c_island
Shoals:3: layout_shoals
Shoals:4: shoals_end_grunt_ice, layout_shoals, shoal_ilsuiw,
          nicolae_shoals_seven_spires
Spider:1: layout_spider_delve
Orc:1:    layout_caves
Orc:2:    st_orc_congregation, layout_caves

Skill      XL: |  1  2  3  4  5  6  7  8  9 10 11 12 13 14 15 16 17 |
---------------+----------------------------------------------------+-----
Spellcasting   | 5 6 7 8 9 10 11 12 | 12.4
Invocations    | 1 2 3 4 5 6 7 8 9 10 11 12 | 12.5
Fighting       | 1 2 3 4 5 6 7 8 9 10 11 | 11.6
Short Blades   | 1 2 3 4 5 6 7 8 9 10 11 | 11.6
Long Blades    | 1 2 3 4 5 6 7 8 9 10 11 | 11.6
Axes           | 1 2 3 4 5 6 7 8 9 10 11 | 11.6
Maces & Flails | 1 2 3 4 5 6 7 8 9 10 11 | 11.6
Polearms       | 1 2 3 4 5 6 7 8 9 10 11 | 11.6
Staves         | 1 2 3 4 5 6 7 8 9 10 11 | 11.6
Slings         | 1 2 3 4 5 6 7 8 9 10 11 | 11.6
Bows           | 1 2 3 4 5 6 7 8 9 10 11 | 11.6
Crossbows      | 1 2 3 4 5 6 7 8 9 10 11 | 11.6
Throwing       | 1 2 3 4 5 6 7 8 9 10 11 | 11.6
Armour         | 1 2 3 4 5 6 7 8 9 10 11 | 11.6
Shields        | 1 2 3 4 5 6 7 8 9 10 11 | 11.6
Unarmed Combat | 1 2 3 4 5 6 7 8 9 10 11 | 11.6
Evocations     | 1 2 3 4 5 6 7 8 9 10 11 | 11.6
Conjurations   | 1 2 3 4 5 6 7 8 9 |  9.9
Hexes          | 1 2 3 4 5 6 7 8 9 |  9.9
Summonings     | 1 2 3 4 5 6 7 8 9 |  9.9
Necromancy     | 1 2 3 4 5 6 7 8 9 |  9.9
Translocations | 1 2 3 4 5 6 7 8 9 |  9.9
Transmutations | 1 2 3 4 5 6 7 8 9 |  9.9
Fire Magic     | 1 2 3 4 5 6 7 8 9 |  9.9
Air Magic      | 1 2 3 4 5 6 7 8 9 |  9.9
Earth Magic    | 1 2 3 4 5 6 7 8 9 |  9.9
Poison Magic   | 1 2 3 4 5 6 7 8 9 |  9.9
Dodging        | 5 6 7 8 9 10 11 12 | 12.3
Stealth        | 5 6 7 8 9 10 11 12 | 12.2
Ice Magic      | 8 9 10 11 | 11.9

Action                   |  1- 3 |  4- 6 |  7- 9 | 10-12 | 13-15 | 16-18 || total
-------------------------+-------+-------+-------+-------+-------+-------++-------
Melee: Unarmed           |     3 |       |       |       |       |       ||     3
       Dagger            |    22 |     3 |       |       |       |       ||    25
       Bite              |     2 |     4 |    40 |    54 |    64 |    39 ||   203
       Mace              |       |    49 |   236 |   128 |       |       ||   413
       Punch             |       |     1 |     5 |    10 |    26 |     9 ||    51
       Quarterstaff      |       |       |       |   297 |   123 |       ||   420
       Hunting sling     |       |       |       |     4 |       |       ||     4
       Trident           |       |       |       |       |   409 |       ||   409
       Staff             |       |       |       |       |   281 |   486 ||   767
 Fire: Hunting sling     |       |    15 |   211 |   362 |    13 |       ||   601
       Arbalest          |       |       |       |    73 |       |       ||    73
Throw: Stone             |       |       |       |     1 |    15 |    16 ||    32
       Boomerang         |       |       |       |       |       |   558 ||   558
       Dart              |       |       |       |       |       |    13 ||    13
       Javelin           |       |       |       |       |       |     2 ||     2
 Cast: Freeze            |    38 |    10 |     2 |       |     2 |       ||    52
       Frozen Ramparts   |       |    13 |    41 |    57 |    62 |    30 ||   203
       Ozocubu's Armour  |       |     9 |    31 |    51 |    65 |    28 ||   184
       Conjure Flame     |       |       |       |     9 |     2 |       ||    11
       Call Imp          |       |       |       |     2 |       |       ||     2
       Blink             |       |       |       |    11 |     1 |       ||    12
       Freezing Cloud    |       |       |       |     2 |    43 |    42 ||    87
       Summon Lightning  |       |       |       |     2 |     6 |       ||     8
       Iron Shot         |       |       |       |       |     8 |     8 ||    16
       Bolt of Magma     |       |       |       |       |     1 |       ||     1
Invok: Curse Item        |       |       |     2 |     3 |     3 |     2 ||    10
       Shatter the Chain |       |       |       |       |       |     1 ||     1
Evoke: Wand              |       |       |       |    41 |     2 |     3 ||    46
  Use: Scroll            |       |     2 |     2 |     4 |       |     4 ||    12
       Potion            |       |       |     5 |     4 |     7 |       ||    16
 Stab: Sleeping          |     7 |     4 |     2 |     5 |    31 |     6 ||    55
       Distracted        |       |       |       |     2 |     1 |     3 ||     6
       Invisible         |       |       |       |       |     4 |       ||     4
       Held in net/web   |       |       |       |       |     3 |       ||     3
Armor: Robe              |     9 |    31 |   206 |   233 |       |       ||   479
       Troll leather arm |       |       |       |    17 |   386 |    14 ||   417
       Leather armour    |       |       |       |       |       |   262 ||   262
Dodge: Dodged            |    27 |    62 |   279 |   399 |   513 |   415 ||  1695
Block: Buckler           |       |       |       |       |       |   186 ||   186
       Reflection        |       |       |       |       |       |    29 ||    29

Table legend: (Time is in decaauts)
 A = Elapsed time spent in this place.
 B = Non-inter-level travel time spent in this place.
 C = Inter-level travel time spent in this place.
 D = Time resting spent in this place.
 E = Time spent auto-exploring this place.
 F = Levels seen in this place.
 G = Mean time per level.
                   A        B        C        D        E       F      G
               +--------+--------+--------+--------+--------+-----+--------+
         Total |  43696 |  39118 |   4578 |   1187 |  29281 |  33 | 1324.1 |
       Dungeon |  25388 |  22149 |   3239 |    619 |  17393 |  15 | 1692.5 |
        Temple |    278 |    202 |     76 |      0 |    182 |   1 |  278.0 |
          Lair |   7252 |   6376 |    876 |      0 |   5028 |   6 | 1208.7 |
        Shoals |   3992 |   3798 |    194 |      0 |   2905 |   4 |  998.0 |
   Spider Nest |      1 |      1 |      0 |      0 |      0 |   1 |    1.0 |
  Orcish Mines |   2952 |   2760 |    192 |      0 |   1941 |   2 | 1476.0 |
         Abyss |    581 |    581 |      0 |      0 |     92 |   1 |  581.0 |
       Ossuary |   2048 |   2048 |      0 |    390 |   1188 |   1 | 2048.0 |
        Bailey |    905 |    905 |      0 |    178 |    388 |   1 |  905.0 |
      Ice Cave |    294 |    294 |      0 |      0 |    163 |   1 |  294.0 |
               +--------+--------+--------+--------+--------+-----+--------+

Top non-repeatable levels by time:
     D:9: 2906 daAuts
     D:7: 2279 daAuts
   Orc:2: 2245 daAuts
    D:14: 2150 daAuts
     D:8: 2136 daAuts
 Ossuary: 2048 daAuts
    D:11: 1994 daAuts
    D:12: 1795 daAuts
  Lair:6: 1756 daAuts
Shoals:3: 1673 daAuts
    D:13: 1648 daAuts
     D:4: 1563 daAuts
    D:15: 1484 daAuts
  Lair:2: 1385 daAuts
Shoals:2: 1344 daAuts

Table legend:
 A = Kills in this place as a percentage of kills in entire the game.
 B = Kills by you in this place as a percentage of kills by you in the entire game.
 C = Kills by friends in this place as a percentage of kills by friends in the entire game.
 D = Other kills in this place as a percentage of other kills in the entire game.
 E = Experience gained in this place as a percentage of experience gained in the entire game.
 F = Experience gained in this place divided by the number of levels of this place that you have seen.
                   A       B       C       D       E      F
               +-------+-------+-------+-------+-------+----------------------
         Total | 100.0 | 100.0 | 100.0 | 100.0 | 100.0 | 6553.3
       Dungeon |  46.5 |  46.4 |  70.0 |   0.0 |  35.6 | 5127.9
          Lair |  17.8 |  18.0 |   0.0 |   0.0 |  25.7 | 9253.2
        Shoals |  12.2 |  12.3 |   0.0 |  33.3 |  23.8 | 12883.0
  Orcish Mines |  15.3 |  15.5 |   0.0 |   0.0 |   8.5 | 9211.5
         Abyss |   1.9 |   1.8 |   0.0 |  33.3 |   4.5 | 9665.0
       Ossuary |   3.4 |   3.4 |   0.0 |  33.3 |   0.5 | 1026.0
        Bailey |   1.8 |   1.5 |  30.0 |   0.0 |   0.3 | 691.0
      Ice Cave |   1.1 |   1.2 |   0.0 |   0.0 |   1.1 | 2486.0
               +-------+-------+-------+-------+-------+----------------------
